 Dungeon Crawl Stone Soup version 0.19-a0-1008-g4c63d25 (webtiles) character file.

2318 mrath the Basher (level 9, -4/78 HPs)
             Began as a Minotaur Fighter on July 23, 2016.
             Was an Initiate of Okawaru.
             Slain by Erica
             ... wielding a +4 scimitar of flaming
              (10 damage)
             ... on level 7 of the Dungeon.
             The game lasted 00:28:02 (7526 turns).

mrath the Basher (Minotaur Fighter)                 Turns: 7526, Time: 00:28:03

Health: -4/78      AC: 15    Str: 23    XL:     9   Next: 18%
Magic:  10/10      EV:  8    Int:  5    God:    Okawaru [......]
Gold:   150        SH: 11    Dex: 11    Spells: 0 memorised, 8 levels left

rFire  . . .     SeeInvis .     a - +0 flail
rCold  . . .     Gourm    .     W - +0 chain mail (curse)
rNeg   . . .     Faith    .     c - +1 shield
rPois  .         Spirit   .     (helmet restricted)
rElec  .         Dismiss  .     (no cloak)
rCorr  .         Reflect  .     N - +2 pair of gloves
SustAt .         Harm     .     F - +0 pair of boots
MR     .....                    (no amulet)
Stlth  ..........               (no ring)
                                (no ring)

@: slowed, very slow, not resistant to hostile enchantments, extremely
unstealthy
A: retaliatory headbutt, horns 2
a: Renounce Religion


You were on level 7 of the Dungeon.
You worshipped Okawaru.
Okawaru was noncommittal.
You were hungry.

You visited 2 branches of the dungeon, and saw 9 of its levels.
You also visited: Ossuary.

You collected 272 gold pieces.
You spent 122 gold pieces at shops.

Inventory:

Hand Weapons
 a - a +0 flail (weapon)
 u - a +0 whip of pain
 v - a +0 hunting sling of flaming
 U - a +0 blowgun
Missiles
 k - 166 stones
 m - 42 sling bullets
 p - 2 throwing nets
 y - 33 poisoned needles
 C - 6 javelins (quivered)
 V - 4 tomahawks
Armour
 c - a +1 shield (worn)
 q - a cursed +0 ring mail
 F - a +0 pair of boots (worn)
 N - a +2 pair of gloves (worn)
 W - a cursed +0 chain mail (worn)
 X - a +0 plate armour
Wands
 w - a wand of acid (5/15)
 D - a wand of lightning (8/15)
 K - a wand of lightning (5/15)
 M - a wand of iceblast (4/15)
Scrolls
 l - 5 scrolls of identify
 o - a scroll of noise {unknown}
 z - a scroll of remove curse
 A - a scroll of summoning {unknown}
 B - 2 scrolls of enchant armour
 E - a scroll of teleportation
 I - a scroll of fear {unknown}
 J - a scroll of amnesia {unknown}
 O - a scroll of magic mapping {unknown}
 R - a scroll of fog {unknown}
Potions
 d - a potion of might
 j - 2 potions of brilliance {unknown}
 n - 2 potions of invisibility
 r - 3 potions of berserk rage
 s - 2 potions of ambrosia {unknown}
 x - 3 potions of flight
 G - 2 potions of curing
 H - 2 potions of heal wounds {unknown}
 L - 2 potions of agility {unknown}
 P - a potion of degeneration {unknown}
 Q - a potion of lignification {unknown}
 S - 2 potions of cancellation {unknown}
 T - 2 potions of mutation {unknown}
Comestibles
 b - a chunk of flesh
 f - 11 bread rations
 g - 29 fruits
 h - 4 meat rations
 t - 9 beef jerkies


   Skills:
 + Level 6.4 Fighting
 + Level 8.9 Maces & Flails
 + Level 6.8 Armour
 + Level 4.7 Dodging
 + Level 6.3 Shields
 + Level 3.6 Evocations


You had 8 spell levels left.
You didn't know any spells.

Dungeon Overview and Level Annotations

Branches:
Dungeon (8/15)             Temple (1/1) D:7
   Lair: D:8-11

Altars:
Ashenzari
Cheibriados
Dithmenos
Elyvilon
Fedhas
Gozag
Hepliaklqana
Kikubaaqudgha
Nemelex Xobeh
Okawaru
Pakellas
Qazlal
Ru
Sif Muna
Trog
Vehumet
Xom
Yredelemnul
Zin
The Shining One

Shops:
D:5 *[%*   D:7 ?

Annotations:
D:8 Erica


Innate Abilities, Weirdness & Mutations

You reflexively headbutt those who attack you in melee.
You have a pair of horns on your head.


Message History

The bolt of poison misses you.
You feel sick. You block the giant frog's attack. Something hits you.
* * * LOW HITPOINT WARNING * * *
Something burns you.
* * * LOW HITPOINT WARNING * * *
There is a stone staircase leading up here.
Something hits you.
* * * LOW HITPOINT WARNING * * *
Something burns you.
* * * LOW HITPOINT WARNING * * *
You climb upwards.
You feel sick.
There is a stone staircase leading down here.
You feel better.
Something hits you but does no damage. x2
You are feeling hungry.
Something hits you.
* * * LOW HITPOINT WARNING * * *
Something burns you.
* * * LOW HITPOINT WARNING * * *
Something hits you!
You die...

# #.#.# #........# #....# # #.#.#
#........# #..... # #.#.#
#........# ########.#. #
#.#.###........#####...####.#. #
#.####.........'.....∩......#. #
#.# #.........####........##. #
#.# #.........# #..[.....'.. #
#.####.############........### #
#.........>..@.............'..
#########.#######.>..#........###
..........# #.:..#...)....# #
#####...#.# #....#........# #
#...#.# ##....#.......)###
#...### #.....#######..... #...#
#.....'........... #...#
#.....#######..... #...#
#....########.....


There were no monsters in sight!

Vanquished Creatures
  A hippogriff (D:7)
  A hungry ghost (D:6)
  The ghost of p0werm0de the Insei, an amateur OpMo of Okawaru (D:5)
  2 sky beasts (D:7)
  An orc warrior (D:7)
  A phantom (D:6)
  2 centaurs
  5 ogres
  3 scorpions
  The ghost of HAL9000 the Ruffian, a weakling DrTm (D:3)
  A giant frog skeleton (D:3)
  A giant frog zombie (D:5)
  An orc priest (D:6)
  2 orc wizards (D:4)
  An iguana (D:7)
  Ijyb (D:3)
  Jessica (D:2)
  3 worker ants
  A killer bee zombie (D:6)
  13 mummies (Ossuary)
  7 adders
  8 gnolls
  A howler monkey skeleton (D:6)
  2 shadow imps (D:6)
  An ooze (D:3)
  An adder skeleton (D:5)
  3 worms (D:2)
  3 dart slugs
  5 giant geckos
  9 orcs
  6 giant cockroaches
  5 goblins
  3 hobgoblins (D:1)
  8 jackals (D:2)
  A quokka (D:2)
  A ball python (D:2)
  5 bats
  6 giant newts
  2 goblin skeletons (Ossuary)
  12 kobolds
  2 kobold skeletons (Ossuary)
  4 orc skeletons (Ossuary)
  12 rats
  11 rat skeletons (Ossuary)
161 creatures vanquished.

Notes
Turn   | Place    | Note
-------+----------+-------------------------------------------
     0 | D:1      | mrath the Minotaur Fighter began the quest for the Orb.
     0 | D:1      | Reached XP level 1. HP: 19/19 MP: 0/0
    21 | D:1      | Reached skill level 3 in Maces & Flails
    21 | D:1      | Reached XP level 2. HP: 26/26 MP: 1/1
   292 | D:1      | Reached skill level 4 in Maces & Flails
   573 | D:1      | Reached XP level 3. HP: 31/31 MP: 2/2
  1307 | D:2      | Reached skill level 5 in Maces & Flails
  1355 | D:2      | Reached XP level 4. HP: 31/39 MP: 3/3
  1563 | D:2      | Noticed Jessica
  1566 | D:2      | Found a glowing silver altar of Zin.
  1572 | D:2      | Killed Jessica
  1572 | D:2      | Reached skill level 6 in Maces & Flails
  1743 | D:2      | Reached XP level 5. HP: 45/45 MP: 4/4
  2318 | D:3      | Noticed HAL9000's ghost (weakling DrTm)
  2328 | D:3      | Killed HAL9000's ghost
  2393 | D:3      | Reached skill level 7 in Maces & Flails
  2430 | D:3      | Reached XP level 6. HP: 51/52 MP: 5/5
  2615 | D:3      | Noticed Ijyb
  2626 | D:3      | Killed Ijyb
  2626 | D:3      | Reached skill level 1 in Dodging
  3375 | D:4      | Reached XP level 7. HP: 60/60 MP: 6/6
  3437 | D:4      | Reached skill level 1 in Evocations
  3719 | D:4      | Found a deep blue altar of Sif Muna.
  3759 | D:5      | Entered Level 5 of the Dungeon
  3809 | D:5      | Found Unej's Food Shop.
  4170 | D:5      | Found Jong's Antique Armour Shoppe.
  4217 | D:5      | Found Neimnat's Assorted Antiques.
  4220 | D:5      | Bought a scroll of identify for 50 gold pieces
  4251 | D:5      | Found a shadowy altar of Dithmenos.
  4266 | D:5      | Reached skill level 5 in Armour
  4282 | D:5      | Noticed p0werm0de's ghost (amateur OpMo)
  4298 | D:5      | Killed p0werm0de's ghost
  4298 | D:5      | Reached skill level 5 in Fighting
  4298 | D:5      | Reached skill level 5 in Shields
  4467 | D:5      | Reached XP level 8. HP: 45/68 MP: 8/8
  4575 | D:5      | Found Giceugh's Assorted Antiques.
  4736 | D:6      | Reached skill level 8 in Maces & Flails
  4912 | D:6      | Found a sand-covered staircase.
  4919 | Ossuary  | Entered an ossuary
  6141 | D:7      | Found a staircase to the Ecumenical Temple.
  6149 | Temple   | Entered the Ecumenical Temple
  6221 | Temple   | Became a worshipper of Warmaster Okawaru
  6298 | D:7      | Reached XP level 9. HP: 75/75 MP: 10/10
  6471 | D:7      | Found Ymiodwak's Magic Scroll Boutique.
  6482 | D:7      | Bought a scroll of identify for 24 gold pieces
  6482 | D:7      | Bought a scroll of identify for 24 gold pieces
  6482 | D:7      | Bought a scroll of identify for 24 gold pieces
  7491 | D:8      | Noticed Erica
  7522 | D:8      | HP: 3/78 [something (5)]
  7526 | D:7      | Slain by Erica

Vault maps used:
D:1:      minmay_arrival_jagged, hangedman_decor_slide_cut
D:2:      zin_academy, first_bread, uniq_jessica
D:3:      uniq_iyjb
D:4:      bh_chokoban, dk_vineyard_2, led_sif_book
D:5:      serial_shops, shop, shop, kennysheep_mini, kennysheep_little_box,
          nicolae_dithmenos_shadow_blocks
D:6:      enter_ossuary_1, serial_glass, glass_columns_a, glass_columns_a,
          glass_columns_a, glass_columns_b, glass_columns_c
D:7:      serial_shops, shop_scrolls, grunt_ogre_cave, kennysheep_generic_room_5
D:8:      grunt_ministairs_7, hangedman_abyss_or_decor_stabs,
          uniq_prince_ribbit1, uniq_erica
Temple:   minmay_crystal_snake_temple
Ossuary:  ossuary_due_small_catacomb

Skill      XL: |  1  2  3  4  5  6  7  8 |
---------------+-------------------------+-----
Maces & Flails | 3 4 5 6 7 8 |  8.9
Fighting       | 4 5 6 |  6.4
Armour         | 4 5 6 |  6.8
Dodging        | 2 3 4 |  4.7
Shields        | 4 5 6 |  6.3
Evocations     | 2 3 |  3.6

Action                   |  1- 3 |  4- 6 |  7- 9 || total
-------------------------+-------+-------+-------++-------
Melee: Flail             |   105 |   175 |   333 ||   613
       Headbutt          |     7 |    32 |    57 ||    96
  Use: Scroll            |       |       |    10 ||    10
       Potion            |       |       |     1 ||     1
  Eat: Chunk             |     1 |     7 |    11 ||    19
       Fruit             |       |       |     3 ||     3
       Pizza             |       |       |     1 ||     1
       Beef jerky        |       |       |     1 ||     1
Armor: Scale mail        |    63 |    62 |    89 ||   214
       Chain mail        |       |       |    20 ||    20
Dodge: Dodged            |    33 |    37 |    90 ||   160
Block: Shield            |    58 |    80 |   157 ||   295
